 Dungeon Crawl Stone Soup version 0.15.1 (webtiles) character file.

30 LordSUSHI the Grave Robber (level 3, 0/25 HPs)
             Began as a Demonspawn Necromancer on Sept 16, 2014.
             Succumbed to an adder's poison
             ... on Level 1 of the Dungeon.
             The game lasted 00:14:33 (1203 turns).

LordSUSHI the Grave Robber (Demonspawn Necromancer) Turns: 1203, Time: 00:14:34

HP   0/25        AC  3     Str  8      XL: 3   Next:  3%
MP   0/5         EV 12     Int 17      God:
Gold 74          SH  0     Dex 13      Spells:  2 memorised,  5 levels left

rFire  . . .     SeeInvis .     (no weapon)
rCold  + . .     Clarity  .     a - +0 robe
rNeg   . . .     rCorr    .     (no shield)
rPois  +         rRot     .     (no helmet)
rElec  .         Spirit   .     (no cloak)
SustAb .         Warding  .     (no gloves)
rMut   .         Stasis   .     (no boots)
Gourm  .                        (no amulet)
MR     .....                    (no ring)
                                (no ring)

@: lethally poisoned, not resistant to hostile enchantments, unstealthy
A: rugged brown scales 1, cold resistance 1, low mp 1, poison resistance, spit
poison 1
a: Spit Poison


You were on level 1 of the Dungeon.
You were not hungry.

You visited 1 branch of the dungeon, and saw 2 of its levels.

You collected 74 gold pieces.

Inventory:

Missiles
 g - 14 stones (quivered)
Armour
 a - a +0 robe (worn)
Comestibles
 c - a bread ration
 h - a meat ration
Scrolls
 d - a scroll of identify {unknown}
 e - a scroll of remove curse {unknown}
 i - a scroll of magic mapping {unknown}
 j - a scroll of noise {unknown}
 k - a scroll of teleportation {unknown}
Potions
 m - a potion of magic {unknown}
Books
 b - a book of Necromancy

   Spells                             Type                      Level
   *Pain                              Necromancy                   1
   *Animate Skeleton                  Necromancy                   1
   Vampiric Draining                  Necromancy                   3
   Regeneration                       Charms/Necromancy            3
   Animate Dead                       Necromancy                   4
   Control Undead                     Necromancy                   4


   Skills:
 + Level 0.4 Fighting
 + Level 1.9 Dodging
 - Level 1.7 Stealth
 + Level 2.5 Spellcasting
 + Level 5.0 Necromancy


You had 5 spell levels left.
You knew the following spells:

 Your Spells              Type           Power        Failure   Level  Hunger
a - Pain                  Necr           ###.         2%          1    #......
b - Animate Skeleton      Necr           N/A          2%          1    #......


Dungeon Overview and Level Annotations

Branches:
Dungeon (2/15)

Altars:


Innate Abilities, Weirdness & Mutations

You are partially covered in rugged brown scales (AC +1, +3% HP).
Your flesh is cold resistant.
Your magical capacity is low (-10% MP).
Your system is resistant to poisons.
You can spit poison.


Message History

Casting: Pain
Confirm with . or Enter, or press ? or * to list all spells.
Aiming: Pain
Press: ? - help, Shift-Dir - straight line, f - adder
Aim: an adder (almost dead)
The adder convulses in agony!
You kill the adder!
Your Necromancy skill increases to level 5!
You have reached level 3!
Your experience leads to an increase in your attributes!
Increase (S)trength, (I)ntelligence, or (D)exterity?
You feel clever.
Your demonic ancestry asserts itself...
You feel resistant to cold. The giant newt misses you. The rat bites you.
* * * LOW HITPOINT WARNING * * *
You feel extremely strange.
You feel less energetic.
You feel resistant to poisons.
There is a nasty taste in your mouth for a moment.
It was a potion of mutation.
You die...

#....######.#.# #.# #.#
#.#########.#.# #.# #.#
#.#.........#.##### #.# #.#
#.#.#########.....# #.######.#
#.#.# #.....###.# #.#......#
#.#.# #.###.#...# #.#.######
#.#.#####.#.#.#.### #.#.####
##.#.......#.#.#r#######.#....#
...............l@......#.####.#
##...........#.#%#####.#.####.#
##########.#.#.#.....#......#.#
# #####.#.#.#####.###.##.#.# #
#.....#.#.# #.......##.#.# #
#.....#'##########'###.#.# #
#.....##...# #...####.#.# #
#.....##.#.####.#.#..#.#.# #
#......#..........#.##.#.#


You could see a giant newt and a rat.

Vanquished Creatures
  An adder (D:1)
  5 bats (D:1)
  2 goblins (D:1)
  5 hobgoblins (D:1)
  2 kobolds (D:1)
  2 giant newts (D:1)
  2 rats (D:1)
19 creatures vanquished.

Notes
Turn   | Place    | Note
--------------------------------------------------------------
     0 | D:1      | LordSUSHI, the Demonspawn Necromancer, began the quest for the Orb.
     0 | D:1      | Reached XP level 1. HP: 13/13 MP: 3/3
     2 | D:1      | Learned a level 1 spell: Animate Skeleton
   321 | D:1      | Gained mutation: You are partially covered in rugged brown scales (AC +1, +3% HP). [demonic ancestry]
   321 | D:1      | Reached XP level 2. HP: 8/19 MP: 1/4
   322 | D:1      | Upgraded the game from 0.15.0-34-g666c3a1 to 0.15.1
  1202 | D:1      | Reached skill level 5 in Necromancy
  1202 | D:1      | Gained mutation: Your flesh is cold resistant. [demonic ancestry]
  1202 | D:1      | Reached XP level 3. HP: 3/25 MP: 0/6
  1202 | D:1      | HP: 1/25 [rat (1)]
  1203 | D:1      | Gained mutation: Your magical capacity is low (-10% MP). [potion of mutation]
  1203 | D:1      | Gained mutation: Your system is resistant to poisons. [potion of mutation]
  1203 | D:1      | Gained mutation: You can spit poison. [potion of mutation]
  1203 | D:1      | Succumbed to an adder's poison

Action                   || total
-------------------------++-------
Melee: Unarmed           ||    10
 Cast: Pain              ||    28
  Use: Potion            ||     1
  Eat: Chunk             ||     1
